 Dungeon Crawl Stone Soup version 0.17-a0-1210-g1e4f09d (webtiles) character file.

1926 kidanger the Ruffian (level 8, 0/80 HPs)
             Began as a Troll Monk on June 4, 2015.
             Was an Elder of Ru.
             Succumbed to a centaur's poison
             ... on level 6 of the Dungeon.
             The game lasted 00:27:14 (4638 turns).

kidanger the Ruffian (Troll Monk)                   Turns: 4638, Time: 00:27:14

Health: 0/80       AC:  3    Str: 21    XL:     8   Next: 96%
Magic:  7/7        EV: 10    Int:  6    God:    Ru [****..]
Gold:   277        SH:  0    Dex: 13    Spells: 0 memorised, 7 levels left

rFire  . . .     SeeInvis .     l - +1 dagger (venom)
rCold  . . .     Clarity  .     a - +0 robe
rNeg   . . .     SustAt   .     (no shield)
rPois  .         Gourm    +     (helmet restricted)
rElec  .         Spirit   .     (no cloak)
rCorr  .         Warding  .     (gloves unavailable)
rMut   .         Stasis   .     (boots unavailable)
MR     .....                    (no amulet)
Stlth  +.........               (no ring)
                                f - +3 ring of protection

@: lethally poisoned (0 -> -24), exhausted, corroded equipment, drained, not
resistant to hostile enchantments, very unstealthy
A: unfitting armour, claws 3, fast metabolism 3, gourmand, regeneration 2,
shaggy fur 1, tough skin 2, inability to use devices, magic vulnerability 1
a: Draw Out Power, Power Leap, Renounce Religion


You were on level 6 of the Dungeon.
You worshipped Ru.
Ru was greatly pleased with you.
You were very full.

You visited 2 branches of the dungeon, and saw 7 of its levels.

You collected 277 gold pieces.

Inventory:

Hand weapons
 l - a +1 dagger of venom (weapon)
 u - a +0 morningstar of protection
 C - a +1 whip of freezing
 E - a cursed +2 dire flail of freezing
 F - a cursed +1 halberd of freezing
Armour
 a - a +0 robe (worn)
Jewellery
 f - a +3 ring of protection (left claw)
Magical devices
 y - a wand of flame (35)
 B - a wand of fire (8)
Scrolls
 c - 5 scrolls of recharging
 d - a scroll of enchant armour {unknown}
 i - 3 scrolls of fear
 k - 6 scrolls of remove curse {unknown}
 m - 2 scrolls of teleportation
 n - 2 scrolls of noise {unknown}
 p - 2 scrolls of blinking {unknown}
 v - 3 scrolls of identify
 w - a scroll of amnesia {unknown}
Potions
 e - 3 potions of beneficial mutation {unknown}
 g - 2 potions of agility {unknown}
 h - a potion of flight {unknown}
 j - 4 potions of curing {unknown}
 r - a potion of brilliance {unknown}
 s - 3 potions of heal wounds {unknown}
 t - a potion of might {unknown}
 z - a potion of haste {unknown}
 A - a potion of poison {unknown}
Comestibles
 b - 9 bread rations
 o - 3 beef jerkies
 q - a meat ration
 x - 2 slices of pizza


   Skills:
 + Level 5.3(5.0) Fighting
 + Level 6.4(6.2) Short Blades
 - Level 2.4(2.2) Dodging
 - Level 1.1(0.9) Stealth
 + Level 7.6(7.4) Unarmed Combat


You had 7 spell levels left.
You didn't know any spells.

Dungeon Overview and Level Annotations

Branches:
Dungeon (6/15)             Temple (1/1) D:6

Altars:
Dithmenos
Elyvilon
Fedhas
Kikubaaqudgha
Makhleb
Nemelex Xobeh
Okawaru
Qazlal
Ru
Sif Muna
Trog
Xom
Yredelemnul
Zin


Innate Abilities, Weirdness & Mutations

You are too large for most types of armour.
You have claws for hands.
Your metabolism is lightning-fast.
You like to eat raw meat.
You heal very quickly.
You are covered in fur (AC +1).
You have very tough skin (AC +2).
You cannot study or use magical devices.
You are slightly vulnerable to magic.


Message History

The centaur completely misses you.
You hit the centaur.
The centaur is severely wounded.
* * * LOW HITPOINT WARNING * * *
You feel sick. The centaur closely misses you.
Use which ability? (? or * to list) You're too exhausted to power leap.
You barely miss the centaur.
The centaur is almost dead.
* * * LOW HITPOINT WARNING * * *
You feel very sick. The centaur hits you!
* * * LOW HITPOINT WARNING * * *
You hit the centaur.
You kill the centaur!
* * * LOW HITPOINT WARNING * * *
You feel sick.
Use which ability? (? or * to list) You're too exhausted to draw out your power.
You die...

######.# ## .....(.# # .#
.####### . .# .....## #. .##
#.##..## .##.## #.# ...#....
......##(########## ......#
.##(.......##.....#
...#..###........##.##.....#
..##..... .....#@..((......#
#......# #......##.##.....#
...##..# ##.?.####.##.....#
....#.# ...... #.####.###
......# .##.. #.# #.#
#.).#.# #.##.. ..# #.#
##.##.# #.#...## ### ##.#
......###......## ##..#
#...............## ##..##


There were no monsters in sight!

Vanquished Creatures
  Pikel (D:5)
  Sigmund (D:6)
  Menkaure (D:5)
  A phantom (D:5)
  A necrophage (D:5)
  2 centaurs
  A giant frog (D:6)
  A scorpion (D:4)
  3 wights (D:6)
  2 hounds (D:4)
  3 crimson imps
  Ijyb (D:2)
  A giant frog skeleton (D:4)
  2 jellies
  3 orc wizards
  Natasha (twice) (D:4)
  2 worker ants (D:4)
  A hound zombie (D:3)
  9 adders
  4 gnolls (D:3)
  A shadow imp (D:5)
  A white imp (D:4)
  4 oozes
  A worm (D:2)
  2 giant geckos
  18 orcs
  A bat skeleton (D:6)
  8 goblins
  6 hobgoblins
  3 jackals (D:3)
  A quokka (D:5)
  3 ball pythons
  9 bats
  5 giant cockroaches
  5 giant newts
  11 kobolds
  9 rats
130 creatures vanquished.

Vanquished Creatures (others)
  A kobold (D:5)
1 creature vanquished.

Grand Total: 131 creatures vanquished

Notes
Turn   | Place    | Note
--------------------------------------------------------------
     0 | D:1      | kidanger the Troll Monk began the quest for the Orb.
     0 | D:1      | Reached XP level 1. HP: 22/22 MP: 0/0
   288 | D:1      | Reached XP level 2. HP: 29/29 MP: 1/1
   759 | D:2      | Reached XP level 3. HP: 32/36 MP: 2/2
   859 | D:2      | Reached skill level 5 in Unarmed Combat
   967 | D:2      | Noticed Ijyb
   987 | D:2      | Killed Ijyb
   987 | D:2      | Reached skill level 1 in Short Blades
   987 | D:2      | Reached XP level 4. HP: 44/44 MP: 3/3
  1075 | D:2      | Found a stormy altar of Qazlal.
  1075 | D:2      | Found a sacrificial altar of Ru.
  1090 | D:2      | Became a worshipper of Ru the Awakened
  1341 | D:3      | Gained mutation: You are slightly vulnerable to magic. [Ru sacrifice]
  1341 | D:3      | Acquired Ru's first power
  1551 | D:3      | Reached XP level 5. HP: 36/50 MP: 4/4
  1876 | D:3      | Found a burning altar of Makhleb.
  1876 | D:3      | Noticed a green death
  1880 | D:3      | Noticed a smoke demon
  1880 | D:3      | Noticed a neqoxec
  2044 | D:4      | Noticed a phantom
  2201 | D:5      | Entered Level 5 of the Dungeon
  2258 | D:4      | Reached XP level 6. HP: 59/59 MP: 5/5
  2417 | D:4      | Noticed Natasha
  2449 | D:4      | Killed Natasha
  2468 | D:4      | Noticed a centaur
  2487 | D:4      | Killed a centaur
  2703 | D:4      | Noticed Natasha
  2733 | D:4      | Killed Natasha
  2866 | D:4      | Reached XP level 7. HP: 67/67 MP: 6/6
  3012 | D:5      | Noticed a necrophage
  3032 | D:5      | Killed a necrophage
  3100 | D:5      | Noticed Pikel
  3101 | D:5      | Noticed a slave
  3102 | D:5      | Noticed a slave
  3102 | D:5      | Noticed a slave
  3103 | D:5      | Noticed a slave
  3157 | D:5      | Gained mutation: You cannot study or use magical devices. [Ru sacrifice]
  3157 | D:5      | Acquired Ru's second power
  3157 | D:5      | Acquired Ru's third power
  3157 | D:5      | Acquired Ru's fourth power
  3249 | D:5      | Found a deep blue altar of Sif Muna.
  3271 | D:5      | Noticed Menkaure
  3287 | D:5      | Killed Menkaure
  3287 | D:5      | Reached skill level 5 in Short Blades
  3468 | D:5      | Noticed a phantom
  3565 | D:5      | Killed a phantom
  3565 | D:5      | Reached skill level 6 in Unarmed Combat
  3747 | D:5      | Killed Pikel
  3747 | D:5      | Reached XP level 8. HP: 56/79 MP: 7/7
  3970 | D:5      | Reached skill level 7 in Unarmed Combat
  4142 | D:6      | Found a staircase to the Ecumenical Temple.
  4156 | Temple   | Entered the Ecumenical Temple
  4296 | D:6      | Noticed Sigmund
  4312 | D:6      | Killed Sigmund
  4312 | D:6      | Reached skill level 5 in Fighting
  4636 | D:6      | HP: 4/80 [centaur (10)]
  4638 | D:6      | Succumbed to a centaur's poison

Vault maps used:
D:1:      dpeg_arrival_water_fire
D:2:      gammafunk_temple_overflow_elements, uniq_iyjb
D:3:      first_bread, makhleb_altar_promises_db
D:4:      uniq_natasha
D:5:      basic_altar, minmay_misc_feat_x, kennysheep_potato, uniq_pikel,
          uniq_menkaure
D:6:      minmay_temple_entry_crystal_x, st_stairs_7,
          hangedman_decor_clover_reticule, uniq_sigmund
Temple:   circular_temple_12

Action                   |  1- 3 |  4- 6 |  7- 9 || total
-------------------------+-------+-------+-------++-------
Melee: Unarmed           |    63 |       |       ||    63
       Dagger            |    11 |   291 |   313 ||   615
Invok: Sacrifice Essence |       |     1 |       ||     1
       Sacrifice Artific |       |       |     1 ||     1
       Draw Out Power    |       |       |     1 ||     1
       Power Leap        |       |       |     1 ||     1
  Use: Scroll            |     1 |     1 |     3 ||     5
 Stab: Sleeping          |     2 |     5 |     3 ||    10
       Invisible         |       |       |     4 ||     4
       Distracted        |       |       |     1 ||     1
  Eat: Chunk             |    13 |    19 |    14 ||    46
